 Dungeon Crawl Stone Soup version 0.29-a0-322-g68df515428 (webtiles) character file.

Game seed: 13373156542574822051

178485 Ijustatesigmund the Thaumaturge (level 17, -7/96 HPs)
             Began as a Deep Elf Fire Elementalist on Apr 6, 2022.
             Was the Champion of Cheibriados.
             Mangled by an emperor scorpion (15 damage)
             ... on level 4 of the Spider Nest on Apr 7, 2022.
             The game lasted 03:02:59 (47759 turns).

Ijustatesigmund the Thaumaturge (DEFE)             Turns: 47759, Time: 03:03:00

Health: -7/96      AC: 16    Str: 17 (22) XL:     17   Next: 57%
Magic:  7/37       EV: 17    Int: 42 (48) God:    Cheibriados [******]
Gold:   2122       SH:  9    Dex: 24 (30) Spells: 4/45 levels left

rFire   + . .      SeeInvis +   I - staff of fire
rCold   . . .      Faith    .   B - +3 warlock's mirror {reflect}
rNeg    + . .      Spirit   .   j - +1 ring mail "Geshreg" {rPois SInv}
rPois   +          Reflect  +   p - +2 hat {Will+}
rElec   +          Harm     .   u - +1 cloak
rCorr   .          Rampage  .   h - +2 pair of gloves
Will    ++++.                   s - +1 pair of boots of Imperfection {rElec Int+4}
Stlth   ++++......              P - amulet of regeneration
HPRegen 1.06/turn               g - ring of Xom's Attic {Wiz Contam rN+ Will++ Str+2}
MPRegen 0.25/turn               a - ring of poison resistance

@: about to teleport, studying Maces & Flails, very slow
A: no striking features
a: Renounce Religion, Bend Time, Temporal Distortion, Slouch, Step From Time


You were on level 4 of the Spider Nest.
You worshipped Cheibriados.
Cheibriados was exalted by your worship.
You visited 5 branches of the dungeon, and saw 28 of its levels.
You also visited: Gauntlet.

You collected 3493 gold pieces.
You spent 1371 gold pieces at shops.

Inventory:

Hand Weapons
 f - a +3 short sword of protection
 k - a +2 scimitar of flaming
Missiles
 e - 12 boomerangs of dispersal
 A - 7 curare-tipped darts
Armour
 h - a +2 pair of gloves (worn)
 j - the +1 ring mail "Geshreg" (worn) {rPois SInv}
   (You bought it in a shop on level 9 of the Dungeon)

   rPois:     It protects you from poison.
   SInv:      It lets you see invisible.
 p - a +2 hat of willpower (worn)
 s - the +1 pair of boots of Imperfection (worn) {rElec Int+4}
   (You bought it in a shop on level 2 of the Orcish Mines)

   Int:       It affects your intelligence (+4).
   rElec:     It insulates you from electricity.
 u - a +1 cloak (worn)
 B - the +3 warlock's mirror (worn) {reflect}
   (You found it on level 6 of the Lair of Beasts)

   It can block and reflect piercing ranged attacks and magical attacks against
   the wielder's willpower.
 M - a +2 troll leather armour
Magical Staves
 I - a staff of fire (weapon)
Jewellery
 a - a ring of poison resistance (right hand)
 b - the ring "Hesiqet" {Fly MP+9 Str+5 Int+2}
   (You found it in a Gauntlet)

   [ring of magical power]

   Str:       It affects your strength (+5).
   Int:       It affects your intelligence (+2).
   MP:        It affects your magic capacity (+9).
   Fly:       It grants you flight.
 g - the ring of Xom's Attic (left hand) {Wiz Contam rN+ Will++ Str+2}
   (You found it on level 2 of the Orcish Mines)

   [ring of wizardry]

   It improves your spell success rate.
   Str:       It affects your strength (+2).
   rN:        It protects you from negative energy.
   Contam:    It causes magical contamination when unequipped.
   Will:      It greatly increases your willpower.
 n - a ring of protection from cold
 o - a +4 ring of evasion
 w - the ring of the Invisible Hand {rElec rC+}
   (You found it on level 2 of the Dungeon)

   [ring of protection from cold]

   rC:        It protects you from cold.
   rElec:     It insulates you from electricity.
 L - a ring of ice
 P - an amulet of regeneration (around neck)
 T - a ring of fire
Wands
 r - a wand of digging (18)
 x - a wand of polymorph (6)
 z - a wand of flame (17)
 F - a wand of acid (1)
 O - a wand of mindburst (5)
 Q - a wand of charming (8)
 S - a wand of paralysis (13)
Scrolls
 t - a scroll of summoning
 y - a scroll of teleportation
 D - 3 scrolls of immolation
 E - a scroll of magic mapping
 G - 3 scrolls of fear
 H - 4 scrolls of fog
 K - 15 scrolls of identify
 R - 4 scrolls of amnesia
 X - a scroll of holy word
 Z - a scroll of brand weapon
Potions
 c - 4 potions of might
 d - a potion of mutation
 i - 2 potions of curing
 l - a potion of brilliance
 m - 5 potions of flight
 q - 6 potions of lignification
 v - 3 potions of attraction
 J - 2 potions of resistance
Miscellaneous
 N - a lightning rod (4/4)
 W - a phantom mirror


   Skills:
 - Level 7.4 Fighting
 - Level 2.1 Short Blades
 - Level 6.5 Staves
 - Level 3.8 Throwing
 - Level 4.7 Armour
 - Level 9.1 Dodging
 - Level 9.3 Stealth
 - Level 5.0 Shields
 - Level 14.8 Spellcasting
 + Level 12.9 Conjurations
 - Level 11.8 Summonings
 - Level 1.5 Translocations
 - Level 10.2 Fire Magic
 - Level 10.0 Earth Magic
 - Level 14.6 Invocations
 - Level 9.5 Evocations


You had 4 spell levels left.
You knew the following spells:

 Your Spells              Type           Power      Damage    Failure   Level
a - Foxfire               Conj/Fire      100%       2x1d9     0%          1
b - Scorch                Fire           100%       2d10      1%          2
c - Flame Wave            Conj/Fire      100%       2d17      1%          4
d - Apportation           Tloc           86%        N/A       1%          1
e - Conjure Flame         Conj/Fire      100%       6-21      1%          3
f - Iskenderun's Battles  Conj           96%        2d14      1%          5
g - Iron Shot             Conj/Erth      45%        9d9       1%          6
h - Summon Mana Viper     Hex/Summ       69%        N/A       2%          5
i - Spellforged Servitor  Conj/Summ      47%        N/A       4%          7
j - Summon Hydra          Summ           46%        N/A       6%          7

Your spell library contained the following spells:

 Spells                   Type           Power      Damage    Failure   Level
 Sandblast                Erth           100%       2d20      1%          1
 Ensorcelled Hibernation  Hex/Ice        62%        N/A       1%          2
 Passwall                 Tmut/Erth      54%        N/A       1%          2
 Dazzling Flash           Conj/Hex       100%       N/A       1%          3
 Inner Flame              Hex/Fire       84%        N/A       1%          3
 Stone Arrow              Conj/Erth      100%       3d13      1%          3
 Hailstorm                Conj/Ice       71%        3d15      1%          4
 Petrify                  Tmut/Erth      65%        N/A       1%          4
 Summon Ice Beast         Ice/Summ       69%        N/A       1%          4
 Spider Form              Tmut/Pois      31%        N/A       2%          3
 Anguish                  Hex/Necr       15%        N/A       9%          4
 Ice Form                 Ice/Tmut       31%        N/A       9%          4
 Summon Forest            Summ/Tloc      36%        N/A       1%          5
 Monstrous Menagerie      Summ           46%        N/A       6%          7
 Conjure Ball Lightning   Conj/Air       35%        3x3d11    9%          6
 Statue Form              Tmut/Erth      43%        N/A       16%         6
 Agony                    Necr           31%        N/A       24%         5
 Alistair's Intoxication  Tmut/Pois      20%        N/A       24%         5
 Metabolic Englaciation   Hex/Ice        15%        N/A       24%         5
 Silence                  Hex/Air        15%        N/A       24%         5
 Summon Horrible Things   Summ           46%        N/A       38%         8
 Malign Gateway           Summ/Tloc      36%        N/A       41%         7
 Eringya's Noxious Bog    Tmut/Pois      15%        N/A       75%         6
 Simulacrum               Ice/Necr       15%        N/A       75%         6
 Discord                  Hex            15%        N/A       100%        8
 Disjunction              Tloc           21%        N/A       100%        8


Dungeon Overview and Level Annotations

Branches:
Dungeon (15/15)            Temple (1/1) D:4            Lair (6/6) D:9
 Shoals (0/4) Lair:2       Spider (4/4) Lair:3        Slime (0/5) Lair:5
    Orc (2/2) D:9             Elf (0/3) Orc:2        Vaults (0/5) D:13
 Depths (0/4) D:15        Gauntlet (visited)

Altars:
Ashenzari
Cheibriados
Dithmenos
Elyvilon
Fedhas
Gozag
Hepliaklqana
Kikubaaqudgha
Makhleb
Nemelex Xobeh
Okawaru
Qazlal
Ru
Sif Muna
Trog
Uskayaw
Vehumet
Wu Jian
Xom
Yredelemnul
Zin
The Shining One

Shops:
D:2 [   D:9 [   D:10 !   Orc:1 *   Orc:2 !=*[

Portals:
Pandemonium: Orc:2

Annotations:
Spider:1 2 transporters


Message History

You kill the hornet!
Cheibriados thoroughly appreciates the change of pace.
You kill the hornet!
Cheibriados thoroughly appreciates the change of pace.
You block the emperor scorpion's attack.
The emperor scorpion barely misses you.
The emperor scorpion closely misses you.
You block the emperor scorpion's attack.
The emperor scorpion claws you but does no damage. x2
A ghost moth comes into view.
The boulder beetle bites you!
Activating: Slouch (0% risk of failure)
Press: ? - help, Dir - look around, f - activate You can feel time thicken for a moment.
You kill the moth of wrath!
Cheibriados appreciates the change of pace.
You block the emperor scorpion's attack.
The emperor scorpion claws you but does no damage.
The emperor scorpion barely misses you. The emperor scorpion stings you!
The emperor scorpion claws you but does no damage.
The emperor scorpion claws you.
The emperor scorpion closely misses you.
You block the emperor scorpion's attack.
The emperor scorpion misses you. You block the boulder beetle's attack.
As you read the scroll of teleportation, it crumbles to dust.
You feel strangely unstable.
The emperor scorpion closely misses you.
The emperor scorpion claws you but does no damage.
The emperor scorpion claws you. The emperor scorpion stings you.
* * * LOW HITPOINT WARNING * * *
The emperor scorpion completely misses you.
You block the emperor scorpion's attack. x2
The emperor scorpion claws you but does no damage. x2
The boulder beetle bites you!!
* * * LOW HITPOINT WARNING * * *
You block the emperor scorpion's attack.
The emperor scorpion claws you but does no damage. x2
You step out of the flow of time.
You return to the normal time flow.
The emperor scorpion stings you!
You die...

####.^..####**#.....# .#
##..^.# *,*##...^## .#
##...≈##*,* ###≈..#
.###^##...##+#***##.≈#
.'...##...##^!,,*#...#
.'....≈..≈##[..,*#≈.≈###
.'.......##*^[.#####..^#
.###≈...≈##*^,#'s.##..≈#
.# ##.^...#*,,#'@......#
.# ##≈^..##.!.##≈.≈..##
## ###..##.!,,####≈.# #
##...##.,,,* ##.## #
###^..###*****##..# #
##.....##### ###≈..#
##....###...###....≈#
#....≈##.≈≈.##....≈##
#≈.≈≈###.≈≈##≈....≈≈#


You could see an emperor scorpion.

Vanquished Creatures
  Bai Suzhen (Spider:4)
  Arachne (Spider:4)
  Mlioglotl (Spider:4)
  Frances (D:12)
  Kirke (Lair:6)
  A ghost moth (Spider:4)
  An orc warlord (Orc:2)
  2 emperor scorpions (Spider:4)
  An ironbound preserver (D:13)
  2 broodmothers (Spider:4)
  The ghost of Dabor the Fighter, a journeyman MyFi of Makhleb (Orc:2)
  A bunyip (Lair:4)
  An entropy weaver (Spider:2)
  A minotaur (Gauntlet)
  3 spark wasps
  Snorg (D:11)
  2 ettins
  2 ice dragons (D:15)
  9 hydras
  5 centaur warriors
  The ghost of Murumi the Fighter, a journeyman DjHu of Okawaru (Lair:2)
  2 boulder beetles
  3 jorogumos
  A radroach (Spider:1)
  2 demonspawn (Orc:2)
  A catoblepas (Lair:6)
  Erica (D:9)
  The ghost of Ajefi the Tainter, a journeyman OpVM of Kikubaaqudgha (Orc:1)
  An ogre mage (D:15)
  4 two-headed ogres
  18 death yaks
  5 tengu warriors
  A deep troll shaman (Lair:6)
  4 orc high priests (Orc:2)
  A sun demon (Orc:2)
  Sonja (Lair:2)
  4 skeletal warriors
  3 pharaoh ants
  3 sixfirhies (Gauntlet)
  4 steelbarb worms
  6 orb spiders
  A death drake (shapeshifter) (D:15)
  Pikel (D:6)
  6 orc knights
  A lindwurm (Lair:6)
  13 wolf spiders
  8 orc sorcerers (Orc:2)
  13 ugly things
  5 cyclopes
  3 manticores
  3 moths of wrath
  14 elephants
  3 torpor snails
  A black mamba (Lair:3)
  12 cane toads
  Maggie (D:8)
  3 gargoyles
  8 komodo dragons
  2 unseen horrors
  7 demonic crawlers
  2 kobold demonologists
  An efreet (D:15)
  2 yaktaurs (D:15)
  4 tengu conjurers
  An ice devil (Gauntlet)
  A tyrant leech (Gauntlet)
  3 meliai (D:15)
  10 trolls
  5 polar bears
  6 hornets
  Prince Ribbit (D:6)
  2 slime creatures (Lair:5)
  28 tarantellas
  7 blink frogs (Lair:5)
  A snapping turtle (Lair:2)
  14 jumping spiders
  13 culicivoras
  Sigmund (D:2)
  A shadow (D:13)
  2 yaks (shapeshifter) (D:13)
  2 wyverns
  7 wraiths
  A ynoxinul (Orc:2)
  42 yaks
  A basilisk (D:14)
  2 steam dragons
  6 hogs (Lair:6)
  35 redbacks
  11 wargs
  5 vampire mosquitoes
  3 swamp worms (Gauntlet)
  A nameless horror (Spider:3)
  26 water moccasins
  Duvessa (D:6)
  31 orc warriors
  2 ice beasts
  4 black bears
  A sky beast (D:7)
  5 ogres
  13 wolves
  A wolf (shapeshifter) (D:14)
  12 centaurs
  A lemure (D:6)
  A phantom (D:4)
  13 kobold brigands
  4 necrophages
  21 bullfrogs
  A gnoll sergeant (D:10)
  A scorpion (D:6)
  4 wights
  Dowan (D:6)
  9 killer bees (D:9)
  An electric eel (Lair:2)
  4 howler monkeys
  A hound (D:2)
  Crazy Yiuf (D:2)
  6 jellies
  A gnoll shaman (D:9)
  20 orc priests
  6 iguanas
  15 orc wizards
  Natasha (thrice) (D:4)
  7 hell rats (Lair:4)
  Robin (D:4)
  17 gnolls
  20 adders
  A shadow imp (D:6)
  6 white imps
  An ufetubus (D:6)
  A dart slug (D:3)
  60 orcs
  5 endoplasms
  A giant cockroach (D:4)
  11 hobgoblins
  5 jackals
  4 quokkas
  3 ball pythons
  4 bats
  3 frilled lizards
  10 goblins
  35 kobolds
  A kobold zombie (D:5)
  A rat (D:2)
  A bush (Lair:6)
  A foxfire (D:13)
840 creatures vanquished.

Vanquished Creatures (collateral kills)
  An emperor scorpion (Spider:3)
  A broodmother (Spider:3)
  3 entropy weavers
  2 jorogumos
  A radroach (Spider:3)
  4 boulder beetles
  3 two-headed ogres (D:15)
  A death scarab (Spider:4)
  A pharaoh ant (Spider:4)
  A steelbarb worm (Spider:1)
  4 orb spiders
  9 wolf spiders
  A moth of wrath (Spider:4)
  2 torpor snails
  4 demonic crawlers
  15 tarantellas
  9 culicivoras
  14 jumping spiders
  23 redbacks
  A vampire mosquito (Spider:2)
  15 foxfires
115 creatures vanquished.

Vanquished Creatures (others)
  An orb spider (Spider:4)
  A human (Lair:6)
  17 demonic plants (Gauntlet)
  1339 foxfires
  61 fungi
  79 plants
1498 creatures vanquished.

Grand Total: 2453 creatures vanquished

Notes
Turn   | Place    | Note
-------+----------+-------------------------------------------
     0 | D:1      | Ijustatesigmund the Deep Elf Fire Elementalist began the
                  | quest for the Orb.
     0 | D:1      | Reached XP level 1. HP: 10/10 MP: 6/6
   370 | D:1      | Found a faded altar of an unknown god.
   960 | D:1      | Reached XP level 2. HP: 10/15 MP: 8/8
   964 | D:1      | Learned a level 2 spell: Scorch
  1840 | D:2      | Found Garr's Antique Armour Shoppe.
  1840 | D:2      | Noticed Sigmund
  1982 | D:2      | Found a runed translucent door.
  1987 | D:2      | Noticed Crazy Yiuf
  3073 | D:3      | Found a shimmering blue altar of Sif Muna.
  3310 | D:4      | Noticed Robin
  3327 | D:4      | Reached XP level 3. HP: 19/19 MP: 8/10
  3390 | D:4      | Noticed a phantom
  3396 | D:4      | Killed a phantom
  3397 | D:4      | Reached skill level 1 in Shields
  3397 | D:4      | Reached XP level 4. HP: 24/24 MP: 2/12
  3547 | D:4      | Noticed a black bear
  3557 | D:4      | Killed a black bear
  3558 | D:4      | Reached XP level 5. HP: 28/28 MP: 5/14
  3633 | D:4      | Killed Robin
  4306 | D:4      | Found a staircase to the Ecumenical Temple.
  4326 | D:4      | Reached skill level 5 in Spellcasting
  4326 | D:4      | Reached XP level 6. HP: 27/32 MP: 8/15
  4403 | D:4      | Noticed Natasha
  4410 | D:4      | Killed Natasha
  4504 | D:4      | Noticed Natasha
  4507 | D:4      | Killed Natasha
  4535 | D:4      | Noticed Natasha
  4541 | D:4      | Killed Natasha
  4635 | D:5      | Entered Level 5 of the Dungeon
  4689 | D:5      | Learned a level 4 spell: Flame Wave
  4707 | D:5      | Found an opulent altar of Gozag.
  4757 | D:5      | Noticed a human
  4759 | D:5      | Found a runed translucent door.
  4772 | D:5      | Reached skill level 5 in Fire Magic
  4966 | D:5      | Found a radiant altar of Vehumet.
  5031 | D:5      | Reached skill level 1 in Short Blades
  5150 | D:5      | Found a glowing golden altar of the Shining One.
  5212 | D:5      | Reached skill level 1 in Fighting
  5212 | D:5      | Reached XP level 7. HP: 38/38 MP: 14/17
  5369 | D:5      | Found a basalt altar of Yredelemnul.
  5773 | D:6      | Noticed Dowan
  5773 | D:6      | Noticed Duvessa
  6503 | D:2      | Killed Sigmund
  7166 | D:2      | Identified the ring of the Invisible Hand {rElec rC+}
  7537 | D:2      | Killed Crazy Yiuf
  7772 | D:6      | Noticed a hornet
  7788 | D:6      | Paralysed by a hornet for 1 turns
  7997 | D:6      | Reached XP level 8. HP: 44/44 MP: 7/19
  8133 | D:6      | Reached skill level 5 in Conjurations
  8188 | D:6      | Noticed Prince Ribbit
  8195 | D:6      | Killed Prince Ribbit
  8506 | D:6      | Paralysed by a hornet for 3 turns
  8659 | D:6      | Killed a hornet
  8674 | D:6      | Noticed Pikel
  8724 | D:6      | Killed Pikel
  8725 | D:6      | Reached XP level 9. HP: 45/51 MP: 10/22
  8812 | D:6      | Learned a level 1 spell: Apportation
  8987 | D:6      | Reached skill level 5 in Dodging
  9095 | D:6      | Killed Dowan
  9096 | D:6      | Killed Duvessa
  9349 | D:6      | Found a sparkling altar of Nemelex Xobeh.
  9387 | D:6      | Reached skill level 1 in Translocations
 10098 | D:7      | Found a stormy altar of Qazlal.
 10593 | D:7      | Reached skill level 1 in Evocations
 10841 | D:7      | Found an iron altar of Okawaru.
 11317 | D:7      | Noticed a two-headed ogre
 11327 | D:7      | Killed a two-headed ogre
 11328 | D:7      | Reached XP level 10. HP: 34/56 MP: 9/25
 11840 | D:8      | Noticed Maggie
 11850 | D:8      | Killed Maggie
 11859 | D:8      | Reached skill level 10 in Spellcasting
 11983 | D:8      | Identified the +0 robe of Ufithryum {*Corrode +Inv rPois
                  | Will+}
 12303 | D:2      | Bought a shiny buckler for 195 gold pieces
 12386 | Temple   | Entered the Ecumenical Temple
 12616 | Temple   | Became a worshipper of Cheibriados the Contemplative
 12854 | D:8      | Reached skill level 1 in Invocations
 13011 | D:8      | Reached skill level 1 in Armour
 13204 | D:8      | Found a burning altar of Makhleb.
 13270 | D:8      | Found a hide-covered altar of Uskayaw.
 13274 | D:8      | Reached * piety under Cheibriados
 13396 | D:9      | Reached skill level 1 in Throwing
 13507 | D:9      | Found a staircase to the Orcish Mines.
 13507 | D:9      | Found Eloj's Armour Shoppe.
 13737 | D:9      | Reached ** piety under Cheibriados
 13740 | D:9      | Noticed a gargoyle
 13748 | D:9      | Killed a gargoyle
 14010 | D:9      | Found a staircase to the Lair.
 14063 | D:9      | Noticed Erica
 14071 | D:9      | Killed Erica
 14072 | D:9      | Reached XP level 11. HP: 60/60 MP: 14/27
 14672 | D:10     | Entered Level 10 of the Dungeon
 14742 | D:10     | Reached skill level 5 in Invocations
 15339 | D:10     | Found Piogaq's Distillery.
 15566 | D:10     | Found an ancient bone altar of Kikubaaqudgha.
 15574 | D:10     | Found an ornate altar of the Wu Jian Council.
 15654 | D:10     | Bought a potion of heal wounds for 75 gold pieces
 15654 | D:10     | Bought a potion of heal wounds for 75 gold pieces
 15654 | D:10     | Bought a potion of cancellation for 120 gold pieces
 15654 | D:10     | Bought a potion of magic for 120 gold pieces
 15884 | D:11     | Reached *** piety under Cheibriados
 16249 | D:11     | Noticed Snorg
 16695 | D:11     | Noticed a green ugly thing
 16710 | D:11     | Killed a green ugly thing
 17061 | D:11     | Learned a level 3 spell: Conjure Flame
 17129 | D:11     | Killed Snorg
 18227 | D:12     | Noticed Frances
 18250 | D:12     | Killed Frances
 18799 | D:12     | Reached skill level 10 in Fire Magic
 19455 | D:12     | Learned a level 5 spell: Iskenderun's Battlesphere
 19475 | D:13     | Noticed a cyan ugly thing
 19529 | D:13     | Noticed a two-headed ogre
 19530 | D:13     | Noticed an ironbound preserver
 19532 | D:13     | Found a gate to the Vaults.
 19535 | D:13     | Noticed a two-headed ogre
 19541 | D:13     | Noticed a purple ugly thing
 19544 | D:13     | Noticed a centaur warrior
 19547 | D:13     | Killed a two-headed ogre
 19548 | D:13     | Reached XP level 12. HP: 64/66 MP: 12/29
 19548 | D:13     | Noticed a centaur warrior
 19548 | D:13     | Noticed a centaur warrior
 19821 | D:13     | Killed a centaur warrior
 19822 | D:13     | Killed a centaur warrior
 19988 | Lair:1   | Entered Level 1 of the Lair of Beasts
 20600 | Lair:1   | Reached **** piety under Cheibriados
 21379 | Lair:2   | Noticed Sonja
 21380 | Lair:2   | Reached skill level 5 in Fighting
 21387 | Lair:2   | Killed Sonja
 21942 | Lair:2   | Found a runed translucent gate.
 21942 | Lair:2   | Found a runed translucent gate.
 21942 | Lair:2   | Found a runed translucent gate.
 21944 | Lair:2   | Noticed Murumi's ghost (journeyman DjHu)
 21975 | Lair:2   | Noticed a seven-headed hydra
 21978 | Lair:2   | Killed Murumi's ghost
 21985 | Lair:2   | Killed a seven-headed hydra
 22184 | Lair:2   | Found a staircase to the Shoals.
 22201 | Lair:2   | You fall into a shaft and drop 2 floors!
 22201 | Lair:4   | Noticed a death yak
 22201 | Lair:4   | Noticed a death yak
 22201 | Lair:4   | Noticed a death yak
 22213 | Lair:4   | Noticed a boulder beetle
 22220 | Lair:4   | Noticed a bunyip
 22220 | Lair:4   | a boulder beetle changed into a bunyip
 22251 | Lair:4   | Killed a bunyip
 22251 | Lair:4   | Reached ***** piety under Cheibriados
 22414 | Lair:4   | Found a blossoming altar of Fedhas.
 22467 | Lair:4   | Reached skill level 5 in Stealth
 22488 | Lair:3   | Found a hole to the Spider Nest.
 23200 | Lair:2   | Reached skill level 10 in Invocations
 23200 | Lair:2   | Reached XP level 13. HP: 73/73 MP: 24/31
 23280 | Lair:3   | Learned a level 6 spell: Iron Shot
 23347 | Lair:3   | Reached skill level 1 in Earth Magic
 25321 | Lair:4   | Reached skill level 5 in Earth Magic
 26062 | Lair:5   | Reached ****** piety under Cheibriados
 26524 | Lair:5   | Found a staircase to the Slime Pits.
 27331 | Lair:6   | Entered Level 6 of the Lair of Beasts
 27394 | Lair:6   | Noticed Kirke
 27410 | Lair:6   | Found a gate leading to a gauntlet.
 27438 | Lair:6   | Reached XP level 14. HP: 48/78 MP: 25/32
 27447 | Lair:6   | Killed Kirke
 27601 | Gauntlet | Entered a Gauntlet
 27601 | Gauntlet | Found a transporter.
 27601 | Gauntlet | Found a transporter.
 27608 | Gauntlet | Found a transporter.
 27626 | Gauntlet | Found a transporter.
 27631 | Gauntlet | Found a transporter.
 27636 | Gauntlet | Found a transporter.
 27686 | Gauntlet | Found a transporter.
 27706 | Gauntlet | Found a transporter.
 27723 | Gauntlet | Found a transporter.
 27904 | Gauntlet | Identified the ring "Hesiqet" {Fly MP+9 Str+5 Int+2}
 27911 | Gauntlet | Found a transporter.
 27939 | Gauntlet | Found a transporter.
 27941 | Gauntlet | Reached skill level 10 in Earth Magic
 27945 | Gauntlet | Identified the -3 pair of boots "Kips" {rElec rC+}
 27954 | Gauntlet | Found a transporter.
 27956 | Gauntlet | Found a transporter.
 27964 | Gauntlet | Found a transporter.
 27987 | Gauntlet | Found a transporter.
 28186 | Gauntlet | Identified the +1 spear of Tuokli {spect, Str+4}
 28618 | Lair:6   | Reached skill level 1 in Staves
 29089 | Lair:6   | Reached skill level 5 in Shields
 30216 | Lair:6   | Found the +3 warlock's mirror {reflect}
 30395 | Orc:1    | Entered Level 1 of the Orcish Mines
 30564 | Orc:1    | Found Epeph's Gadget Gallery.
 31137 | Orc:1    | Found a runed translucent door.
 31179 | Orc:1    | Noticed Ajefi's ghost (journeyman OpVM)
 31196 | Orc:1    | Killed Ajefi's ghost
 31411 | Orc:2    | Entered Level 2 of the Orcish Mines
 31411 | Orc:2    | Found a bloodstained altar of Trog.
 31540 | Orc:2    | Noticed Dabor's ghost (journeyman MyFi)
 31946 | Orc:2    | Found Vurphuri's General Store.
 31949 | Orc:2    | Found Sothil's Distillery.
 32020 | Orc:2    | Bought a scroll of teleportation for 51 gold pieces
 32022 | Orc:2    | Bought a potion of heal wounds for 65 gold pieces
 32070 | Orc:2    | Learned a level 5 spell: Summon Mana Viper
 32316 | Orc:2    | Found a staircase to the Elven Halls.
 32546 | Orc:2    | Reached skill level 5 in Evocations
 32547 | Orc:2    | Reached skill level 1 in Summonings
 32566 | Orc:2    | Reached XP level 15. HP: 78/84 MP: 14/33
 33286 | Orc:2    | Reached skill level 5 in Staves
 33387 | Orc:2    | Found Wuepropt's Antique Armour Emporium.
 33387 | Orc:2    | Found Suthyh's Jewellery Shoppe.
 33388 | Orc:2    | Found a one-way gate leading to the halls of Pandemonium.
 33390 | Orc:2    | Bought a pair of jewelled boots for 304 gold pieces
 33390 | Orc:2    | Identified the +1 pair of boots of Imperfection {rElec
                  | Int+4} (You bought it in a shop on level 2 of the Orcish
                  | Mines)
 33443 | Orc:2    | Found a transporter.
 33466 | Orc:2    | Noticed an orc warlord
 33475 | Orc:2    | Killed an orc warlord
 33825 | Orc:2    | Found a transporter.
 33873 | Orc:2    | Killed Dabor's ghost
 34039 | Orc:2    | Identified the ring of Xom's Attic {Wiz Contam rN+ Will++
                  | Str+2}
 34180 | Orc:2    | Learned a level 7 spell: Spellforged Servitor
 34751 | D:13     | Reached skill level 5 in Summonings
 37265 | D:15     | Entered Level 15 of the Dungeon
 37540 | D:15     | Found a staircase to the Depths.
 38404 | D:15     | Reached XP level 16. HP: 71/88 MP: 13/34
 38908 | Spider:1 | Entered Level 1 of the Spider Nest
 38908 | Spider:1 | Found a transporter.
 39241 | Spider:1 | Found a transporter.
 39766 | Spider:1 | Identified the +3 leather armour "Boseen" {*Corrode Fly
                  | MP-9 Dex+9}
 41794 | Spider:2 | Reached skill level 10 in Summonings
 42421 | Spider:3 | Learned a level 7 spell: Summon Hydra
 44671 | Spider:4 | Entered Level 4 of the Spider Nest
 44710 | Spider:4 | Reached XP level 17. HP: 62/94 MP: 12/37
 45267 | Spider:4 | Noticed Bai Suzhen
 45272 | Spider:4 | Killed Bai Suzhen
 45432 | Spider:4 | Noticed Arachne
 45443 | Spider:4 | Killed Arachne
 45444 | Spider:4 | Reached skill level 10 in Conjurations
 46299 | Spider:4 | Noticed Mlioglotl
 46316 | Spider:4 | Killed Mlioglotl
 47508 | D:9      | Bought the +1 ring mail "Geshreg" {rPois SInv} for 366 gold
                  | pieces
 47759 | Spider:4 | Mangled by an emperor scorpion

Illustrated notes

Levels and vault maps discovered:
D:1:      lightli_arrival_quake, layout_loops_ring,
          dilly_ecumenical_altar_fadedgnrine
D:2:      layout_loops_corners, serial_shops, shop_statue,
          uniq_crazy_yiuf_cottage, uniq_sigmund
D:3:      layout_basic, led_sif_pool
D:4:      layout_loops_ring, minmay_temple_entry_purple_smoke, uniq_robin,
          uniq_natasha
D:5:      layout_gridville, dk_yredelemnul_ordeal, nicolae_vehumet_altar_sigil,
          mainiacjoe_overflow_concentric_impassable,
          nicolae_gozag_cash_rules_everything_around_me
D:6:      layout_loops_corners, mainiacjoe_overflow_24_doors,
          minmay_manual_maat, uniq_prince_ribbit1, uniq_pikel, uniq_duvessa
D:7:      minmay_polygon_palace, layout_basic, kennysheep_okawaru_gauntlet,
          lemuel_round_altar
D:8:      layout_basic, nicolae_uskayaw_dance_studio, kennysheep_mini,
          kennysheep_generic_room_12, uniq_maggie
D:9:      layout_irregular_city, lair_entry_dummy, orc_david_3, uniq_erica
D:10:     layout_rooms, amethyst_overflow_temple_binary, serial_shops,
          nicolae_inconvenience_store
D:11:     layout_basic, uniq_snorg
D:12:     layout_loops_cross, kennysheep_cross_room, uniq_frances
D:13:     layout_loops_cross, skrybe_vaults_entry_preservation
D:14:     layout_long_grid, minmay_misc_feat_more_columns
D:15:     grunt_enter_depths_hoard, layout_long_grid, nicolae_figureground_pulse
Temple:   jpeg_temple_alley_garden
Lair:1:   layout_misc_corridors, serial_bayou_shore_a,
          infiniplex_staircase_pool_2
Lair:2:   layout_roguey, minmay_shoals_entry_hut, gammafunk_ghost_split,
          st_stairs_8, uniq_sonja
Lair:3:   layout_chaotic_city, spider_nest_entry_web_field
Lair:4:   layout_roguey, basic_altar
Lair:5:   lemuel_reptile_caves, layout_regular_city, minmay_slime_entry_pillars
Lair:6:   grunt_lair_end_beastmaster, layout_regular_city,
          gauntlet_entry_generic, chequers_serial_rivers_small_3, uniq_kirke
Spider:1: gammafunk_boulding_lane, nicolae_spider_circle_web,
          nicolae_spider_nook
Spider:2: layout_spider_delve, einodemon_crawler_minivault
Spider:3: layout_chambers, drop_trap
Spider:4: spider_rune_water, drop_trap, uniq_arachne, uniq_mlioglotl,
          uniq_bai_suzhen
Orc:1:    layout_caves, ebering_ghost_inner_flame, nicolae_shop_gadgets
Orc:2:    pf_orc_diabolical, layout_caves, gammafunk_ghost_berserking_beasts,
          basic_altar

Skill      XL: |  1  2  3  4  5  6  7  8  9 10 11 12 13 14 15 16 17 |
---------------+----------------------------------------------------+-----
Conjurations   | 2 3 4 6 7 8 9 12 | 12.9
Shields        | 1 2 4 5 |  5.0
Spellcasting   | 4 5 6 7 9 10 11 12 14 | 14.8
Fire Magic     | 4 5 7 8 10 | 10.2
Short Blades   | 1 2 |  2.1
Fighting       | 1 2 3 5 7 |  7.4
Dodging        | 3 4 5 6 8 9 |  9.1
Translocations | 1 |  1.5
Evocations     | 3 4 5 9 |  9.5
Invocations    | 4 7 10 13 14 | 14.6
Armour         | 3 4 |  4.7
Throwing       | 3 |  3.8
Stealth        | 5 9 |  9.3
Earth Magic    | 8 10 | 10.0
Staves         | 4 6 |  6.5
Summonings     | 2 7 11 | 11.8

Action                   |  1- 3 |  4- 6 |  7- 9 | 10-12 | 13-15 | 16-18 || total
-------------------------+-------+-------+-------+-------+-------+-------++-------
Melee: Short sword       |    22 |     3 |     4 |    80 |    42 |       ||   151
       Unarmed           |       |       |       |       |     6 |       ||     6
       Staff             |       |       |       |       |    57 |    98 ||   155
 Cast: Foxfire           |    64 |    60 |    75 |   103 |   276 |   215 ||   793
       Scorch            |     3 |    11 |    59 |   143 |    68 |    14 ||   298
       Flame Wave        |       |       |    23 |    66 |    92 |    20 ||   201
       Conjure Flame     |       |       |       |     5 |       |       ||     5
       Iskenderun's Batt |       |       |       |    10 |    74 |    21 ||   105
       Iron Shot         |       |       |       |       |    80 |    61 ||   141
       Spellforged Servi |       |       |       |       |     1 |    41 ||    42
       Summon Hydra      |       |       |       |       |       |    13 ||    13
       Summon Mana Viper |       |       |       |       |       |    11 ||    11
Invok: Bend Time         |       |       |       |     3 |       |       ||     3
       Slouch            |       |       |       |       |     8 |     7 ||    15
       Step From Time    |       |       |       |       |       |     1 ||     1
Evoke: Wand              |       |       |       |    27 |    22 |    21 ||    70
  Use: Scroll            |     5 |     6 |    10 |    13 |    13 |    10 ||    57
       Potion            |       |       |     7 |    11 |    12 |    13 ||    43
 Stab: Petrified         |       |       |       |       |     5 |       ||     5
       Paralysed         |       |       |       |       |       |    10 ||    10
Armor: Robe              |    10 |     2 |    24 |     3 |       |       ||    39
       Steam dragon scal |       |       |       |   111 |    33 |       ||   144
       Skin              |       |       |       |    10 |       |       ||    10
       Troll leather arm |       |       |       |     8 |   108 |   172 ||   288
       Ring mail         |       |       |       |       |       |    11 ||    11
Dodge: Dodged            |    20 |     7 |    75 |   323 |   393 |   508 ||  1326
Block: Buckler           |     1 |     3 |    20 |   127 |   223 |   281 ||   655
       Reflection        |       |       |       |       |    14 |     2 ||    16

Table legend: (Time is in decaauts)
 A = Elapsed time spent in this place.
 B = Non-inter-level travel time spent in this place.
 C = Inter-level travel time spent in this place.
 D = Time resting spent in this place.
 E = Time spent auto-exploring this place.
 F = Levels seen in this place.
 G = Mean time per level.
                   A        B        C        D        E       F      G
               +--------+--------+--------+--------+--------+-----+--------+
         Total |  59673 |  55831 |   3842 |  17277 |  30181 |  29 | 2057.7 |
       Dungeon |  29055 |  26712 |   2343 |   9673 |  14054 |  15 | 1937.0 |
        Temple |    267 |    183 |     84 |      0 |    177 |   1 |  267.0 |
          Lair |  13298 |  12515 |    783 |   3099 |   7362 |   6 | 2216.3 |
   Spider Nest |  11089 |  10603 |    486 |   3370 |   5681 |   4 | 2772.2 |
  Orcish Mines |   4882 |   4736 |    146 |    976 |   2832 |   2 | 2441.0 |
      Gauntlet |   1080 |   1080 |      0 |    159 |     74 |   1 | 1080.0 |
               +--------+--------+--------+--------+--------+-----+--------+

Top non-repeatable levels by time:
Spider:3: 3833 daAuts
   Orc:2: 3745 daAuts
  Lair:6: 3162 daAuts
    D:12: 3140 daAuts
Spider:4: 3006 daAuts
     D:9: 2540 daAuts
    D:11: 2448 daAuts
  Lair:2: 2417 daAuts
  Lair:5: 2414 daAuts
  Lair:3: 2412 daAuts
     D:6: 2396 daAuts
     D:1: 2325 daAuts
     D:7: 2303 daAuts
    D:15: 2179 daAuts
Spider:2: 2173 daAuts
